 Dungeon Crawl Stone Soup version 0.30.1-3-gfc49f6343a (webtiles) character file.

Game seed: 12781003594194361671

780 spardeous the Conjurer (level 7, -1/50 HPs)
             Began as a Demigod Conjurer on Aug 10, 2023.
             Slain by Pikel
             ... wielding a +0 whip of electrocution
              (6 damage)
             ... while paralysed by Pikel
             ... on level 5 of the Dungeon.
             The game lasted 00:04:14 (4597 turns).

spardeous the Conjurer (Demigod Conjurer)           Turns: 4597, Time: 00:04:15

Health: -1/50      AC:  6    Str: 15    XL:     7   Next: 29%
Magic:  10/17      EV:  2    Int: 24    God:
Gold:   314        SH:  0    Dex: 16    Spells: 12/15 levels left

rFire   . . .        C - +7 dagger of the Pyrrhic Victory {flame, Str+3 Dex+4 Stlth+}
rCold   + . .        (no shield)
rNeg    . . .        F - +0 ring mail
rPois   .            (no helmet)
rElec   .            d - +0 cloak
rCorr   .            (no gloves)
SInv    .            (no boots)
Will    .....        (no amulet)
Stlth   ++           j - ring of protection from cold
HPRegen 0.28/turn    v - +5 ring of evasion
MPRegen 0.15/turn

%: no passive effects
@: paralysed
A: high MP 1, forlorn, divine attributes
a: no special abilities


You were on level 5 of the Dungeon.
You visited 1 branch of the dungeon, and saw 5 of its levels.

You collected 314 gold pieces.

Inventory:

Hand Weapons
 e - a +0 falchion
 C - the +7 dagger of the Pyrrhic Victory (weapon) {flame, Str+3 Dex+4 Stlth+}
   (You found it on level 4 of the Dungeon)

   Str:       It affects your strength (+3).
   Dex:       It affects your dexterity (+4).
   Stlth:     It makes you more stealthy.
Armour
 a - a +0 robe
 d - a +0 cloak (worn)
 F - a +0 ring mail (worn)
Jewellery
 j - a ring of protection from cold (left hand)
 l - a ring of protection from fire
 v - a +5 ring of evasion (right hand)
Scrolls
 c - a scroll of summoning {unknown}
 f - 2 scrolls of acquirement {unknown}
 m - 4 scrolls of immolation {unknown}
 n - 2 scrolls of enchant weapon {unknown}
 o - a scroll of teleportation {unknown}
 p - 3 scrolls of identify {unknown}
 r - 2 scrolls of enchant armour {unknown}
 s - a scroll of amnesia {unknown}
 t - a scroll of silence {unknown}
 x - 2 scrolls of torment {unknown}
 y - 4 scrolls of vulnerability {unknown}
 A - 2 scrolls of blinking {unknown}
 D - a scroll of fear {unknown}
Potions
 b - a potion of magic
 g - a potion of lignification {unknown}
 h - 3 potions of might {unknown}
 i - 4 potions of degeneration {unknown}
 k - 2 potions of heal wounds {unknown}
 q - 2 potions of resistance {unknown}
 u - 2 potions of berserk rage {unknown}
 w - a potion of mutation {unknown}
 z - a potion of haste {unknown}
 B - 3 potions of flight {unknown}


   Skills:
 - Level 1.7 Dodging
 - Level 1.7 Stealth
 + Level 4.6 Spellcasting
 + Level 7.1 Conjurations


You had 12 spell levels left.
You knew the following spells:

 Your Spells              Type           Power      Damage    Failure   Level
a - Magic Dart            Conj           100%       1d8       1%          1
b - Searing Ray           Conj           80%        2d7       1%          2

Your spell library contained the following spells:

 Spells                   Type           Power      Damage    Failure   Level
 Dazzling Flash           Conj/Hex       44%        N/A       13%         3
 Hailstorm                Conj/Ice       22%        3d7       13%         3
 Freeze                   Ice            20%        1d4       19%         1
 Mephitic Cloud           Conj/Pois/Air  17%        N/A       21%         3
 Poisonous Vapours        Pois/Air       10%        N/A       28%         2
 Fulminant Prism          Conj/Hex       11%        3d9       38%         4
 Iskenderun's Mystic Bla  Conj/Tloc      22%        2d6       38%         4
 Frozen Ramparts          Ice            10%        1d2       50%         3
 Vhi's Electric Charge    Tloc/Air       10%        N/A       50%         3
 Arcjolt                  Conj/Air       11%        1d21      75%         5
 Freezing Cloud           Conj/Ice/Air   8%         6-21      88%         5
 Plasma Beam              Fire/Air       2%         2x1d14    100%        6


Dungeon Overview and Level Annotations

Branches:
Dungeon (5/15)             Temple (0/1) D:4

Shops:
D:4 (

Annotations:
D:5 Pikel


Innate Abilities, Weirdness & Mutations

You have an increased reservoir of magic. (+10% MP)
You shall have no god before yourself.
Your divine heritage dramatically boosts your attributes as you level up.


Message History

You take 13 damage, and have 17/50 hp.
MASSIVE DAMAGE!!
Unknown command.
Casting: Searing Ray (safe; 1% risk of failure)
Confirm with . or Enter, or press ? or * to list all spells.
Aiming: Searing Ray (safe; 1% risk of failure)
Press: ? - help, Shift-Dir - straight line, f/p - Pikel
Aim: Pikel, wielding a +0 whip of electrocution, wearing a +0 robe and carrying a wand of paralysis (5) (heavily wounded, 77% to hit)
The searing ray hits Pikel.
Pikel is heavily wounded.
The searing ray hits the lemure.
The lemure is almost dead.
The searing ray hits the lemure.
The lemure is almost dead. (Press . to maintain the ray.) Pikel hits you with a +0 whip of electrocution!
* * * LOW HITPOINT WARNING * * *
You take 6 damage, and have 11/50 hp.
You now have 11/17 mp.
The searing ray misses Pikel.
The searing ray hits the lemure.
You kill the lemure!
That felt strangely unrewarding.
The searing ray hits the lemure.
You kill the lemure!
That felt strangely unrewarding.
Pikel completely misses you.
You now have 10/17 mp.
The searing ray hits Pikel.
Pikel is heavily wounded.
The searing ray hits the lemure!
The lemure is moderately wounded.
Pikel hits you with a +0 whip of electrocution!
* * * LOW HITPOINT WARNING * * *
You take 8 damage, and have 3/50 hp.
You now have 9/17 mp.
Okay, then.
Level annotation: Pikel Welcome back, spardeous the Demigod Conjurer.
Press ? for a list of commands and other information.
You feel better.
Pikel zaps a wand.
You suddenly lose the ability to move!
Pikel zaps a wand.
You shrug off the repeated paralysis!
Pikel hits you with a +0 whip of electrocution.
* * * LOW HITPOINT WARNING * * *
Pikel hits you with a +0 whip of electrocution.
You die...

.. #. #K #5
#. #.
#.######
#.5K@..#
#......####.#
######. #.#
.. #.# ##.
#.# .. #.# .#
#.# . #.# #.#


You could see Pikel and a lemure.

Vanquished Creatures
  A wyvern (D:5)
  An ogre (D:5)
  3 lemures (D:5)
  2 howler monkeys (D:5)
  2 hounds (D:5)
  2 jellies
  2 orc priests
  2 sleepcaps (D:5)
  2 orc wizards (D:4)
  5 adders
  6 gnolls
  3 dart slugs
  12 orcs
  4 bats
  11 endoplasms
  2 giant cockroaches
  2 hobgoblins
  7 kobolds
  5 ball pythons
  2 frilled lizards (D:2)
  5 goblins
  2 rats (D:2)
83 creatures vanquished.

Notes
Turn   | Place    | Note
-------+----------+-------------------------------------------
     0 | D:1      | spardeous the Demigod Conjurer began the quest for the Orb.
     0 | D:1      | Reached XP level 1. HP: 14/14 MP: 5/5
    69 | D:1      | You fall into a shaft and drop 1 floor!
    76 | D:2      | Reached skill level 4 in Conjurations
    76 | D:2      | Reached XP level 2. HP: 17/20 MP: 0/7
   552 | D:2      | Reached XP level 3. HP: 8/26 MP: 1/8
   658 | D:2      | Learned a level 2 spell: Searing Ray
   691 | D:2      | Reached skill level 5 in Conjurations
  1480 | D:1      | Reached XP level 4. HP: 33/33 MP: 7/9
  3060 | D:4      | Reached XP level 5. HP: 38/38 MP: 6/11
  3064 | D:4      | Identified the +7 dagger of the Pyrrhic Victory {flame,
                  | Str+3 Dex+4 Stlth+}
  3308 | D:4      | Found Bimigi's Weapon Emporium.
  3524 | D:4      | Reached skill level 6 in Conjurations
  3809 | D:4      | Found a staircase to the Ecumenical Temple.
  3885 | D:5      | Entered Level 5 of the Dungeon
  3908 | D:5      | Noticed a wyvern
  3916 | D:5      | Killed a wyvern
  3917 | D:5      | Reached XP level 6. HP: 37/45 MP: 8/14
  4288 | D:5      | Reached XP level 7. HP: 50/50 MP: 12/16
  4300 | D:5      | Reached skill level 7 in Conjurations
  4564 | D:5      | Noticed Pikel
  4581 | D:5      | Paralysed by Pikel for 2 turns
  4586 | D:5      | Paralysed by Pikel for 5 turns
  4594 | D:5      | Paralysed by Pikel for 5 turns
  4597 | D:5      | Slain by Pikel

Illustrated notes

Levels and vault maps discovered:
D:1:      nzn_arrival_depleted_hourglass, layout_basic
D:2:      minmay_inner_zag, layout_loops_ring, basic_altar
D:3:      layout_loops_cross, feat_on_display
D:4:      layout_rooms, minmay_temple_entry_proselytizer, serial_shops,
          nicolae_lakefront_shop, grunt_ministairs_7
D:5:      minmay_angry_zag, layout_basic, minitemple, uniq_pikel,
          uniq_blork_the_orc

Skill      XL: |  1  2  3  4  5  6  7 |
---------------+----------------------+-----
Conjurations   | 4 5 6 7 |  7.1
Spellcasting   | 2 3 4 |  4.6
Dodging        | |  1.7
Stealth        | |  1.7

Action                     |  1- 3 |  4- 6 |  7- 9 || total
---------------------------+-------+-------+-------++-------
  Melee: Falchion          |     5 |       |       ||     5
         Dagger            |       |    37 |    32 ||    69
   Cast: Magic Dart        |    54 |    46 |       ||   100
         Searing Ray       |       |    12 |     5 ||    17
    Use: Potion            |     2 |       |     1 ||     3
   Stab: Sleeping          |       |       |     1 ||     1
 Armour: Robe              |     1 |     8 |       ||     9
         Ring mail         |       |     2 |    10 ||    12
  Dodge: Dodged            |     9 |    56 |    26 ||    91
